 Dungeon Crawl Stone Soup version 0.29.1-2-gbd0b4ee654 (webtiles) character file.

Game seed: 2401814146496001957

5 funnyparkerb the Caller (level 1, -1/7 HPs)
             Began as a Felid Summoner on Nov 12, 2022.
             Slain by a jackal (3 damage)
             ... on level 1 of the Dungeon.
             The game lasted 00:00:29 (168 turns).

funnyparkerb the Caller (Felid Summoner)             Turns: 168, Time: 00:00:30

Health: -1/7       AC:  1    Str:  4    XL:     1   Next: 66%
Magic:  3/4        EV: 17    Int: 16    God:
Gold:   8          SH:  0    Dex: 16    Spells: 3/4 levels left
                                        Lives:  0   Deaths: 0

rFire   . . .      SeeInvis +   (weapon unavailable)
rCold   . . .      Faith    .   (shield unavailable)
rNeg    . . .      Spirit   .   (body armour unavailable)
rPois   .          Reflect  .   (helmet unavailable)
rElec   .          Harm     .   (cloak unavailable)
rCorr   .          Rampage  .   (gloves unavailable)
Will    .....                   (boots unavailable)
Stlth   ++........              (no amulet)
HPRegen 0.02/turn               b - ring of flight
MPRegen 0.09/turn               (no ring)

@: flying, quick
A: very small, claws 1, fangs 3, see invisible, speed 1, shaggy fur 1, stealthy
paws, no weapons or thrown items, no armour, multi-lived
a: no special abilities


You were on level 1 of the Dungeon.
You visited 1 branch of the dungeon, and saw 1 of its levels.

You collected 8 gold pieces.

Inventory:

Jewellery
 b - a ring of flight (left paw)
Potions
 a - a potion of magic
 c - a potion of heal wounds {unknown}


   Skills:
 - Level 2.6 Dodging
 - Level 2.6 Stealth
 + Level 2.2 Spellcasting
 + Level 4.1 Summonings


You had 3 spell levels left.
You knew the following spells:

 Your Spells              Type           Power      Damage    Failure   Level
a - Summon Small Mammal   Summ           60%        N/A       3%          1

Your spell library contained the following spells:

 Spells                   Type           Power      Damage    Failure   Level
 Call Imp                 Summ           15%        N/A       5%          2
 Call Canine Familiar     Summ           15%        N/A       11%         3
 Summon Guardian Golem    Hex/Summ       8%         N/A       26%         3
 Summon Lightning Spire   Summ/Air       8%         N/A       65%         4


Dungeon Overview and Level Annotations

Branches:
Dungeon (1/15)

Altars:


Innate Abilities, Weirdness & Mutations

You have sharp claws.
You have razor-sharp teeth.
You have supernaturally acute eyesight. (SInv)
You cover ground quickly. (Speed+)
You are covered in fur. (AC +1)
Your paws help you pounce on unaware monsters.
You are incapable of wielding weapons or throwing items.
You cannot wear armour.
You gain extra lives every three experience levels.


Message History

You barely miss the jackal. You bite the jackal.
The jackal is severely wounded.
Your bat hits the rat but does no damage.
The jackal closely misses you. The jackal misses your quokka.
An endoplasm comes into view.
Your quokka barely misses the jackal.
The jackal barely misses you.
You barely miss the jackal. You bite the jackal, but do no damage.
The jackal is severely wounded.
The jackal bites your bat.
Your bat barely misses the jackal.
Your quokka bites the jackal but does no damage.
The jackal bites you.
Your bat closely misses the jackal.
The jackal closely misses your bat.
You barely miss the jackal.
The jackal is severely wounded.
Your bat hits the jackal.
Your bat hits the jackal but does no damage.
Your quokka bites the jackal.
The jackal bites you. The rat bites you.
* * * LOW HITPOINT WARNING * * *
The jackal barely misses your bat.
Something closely misses your quokka. x2
Your bat hits the jackal but does no damage.
The jackal completely misses you.
Your quokka disappears in a puff of smoke!
Your bat barely misses the jackal.
You scratch the jackal but do no damage.
You bite the jackal.
You kill the jackal!
Your bat closely misses the jackal.
Your bat barely misses the jackal.
Your bat hits the rat but does no damage.
Your bat hits the jackal but does no damage.
Your bat closely misses the jackal.
You scratch the rat.
You kill the rat!
Your bat barely misses the jackal.
Casting: Summon Small Mammal (safe; 3% risk of failure)
Confirm with . or Enter, or press ? or * to list all spells.
The jackal misses you. The jackal barely misses you.
The jackal attacks as you move away! The jackal bites you.
You die...

#..### ##....####
##†.##...........
#bJ## #.........~
##.## ...#####....
##..###.# #... ..##
##†.##...# #..
#....#.h##..########
#..
#....@..........#
#..
###.#..r#######.#
#.. #....###
#.####.# #.####
#......# ## ########


You could see a jackal (ally target) and a friendly rat (summoned).

Vanquished Creatures
  A jackal (D:1)
  A rat (D:1)
2 creatures vanquished.

Vanquished Creatures (collateral kills)
  A giant cockroach (D:1)
  A quokka (D:1)
  A bat (D:1)
3 creatures vanquished.

Grand Total: 5 creatures vanquished

Notes
Turn   | Place    | Note
-------+----------+-------------------------------------------
     0 | D:1      | funnyparkerb the Felid Summoner began the quest for the
                  | Orb.
     0 | D:1      | Reached XP level 1. HP: 7/7 MP: 4/4
   168 | D:1      | Slain by a jackal

Illustrated notes

Levels and vault maps discovered:
D:1:      minmay_arrival_radiant_lines, layout_rooms

Action                   || total
-------------------------++-------
Melee: Unarmed           ||     8
       Bite              ||     3
 Cast: Summon Small Mamm ||     8
Dodge: Dodged            ||     8
